 Dungeon Crawl Stone Soup version 0.26-a0-652-gafc20e3620 (webtiles) character file.

Game seed: 210934942285701216

935 sahdkjhfkaj the Conjurer (level 8, -1/46 HPs)
             Began as an Octopode Conjurer on Oct 2, 2020.
             Was an Initiate of Sif Muna.
             Slain by Prince Ribbit (19 damage)
             ... on level 5 of the Dungeon.
             The game lasted 00:10:08 (5800 turns).

sahdkjhfkaj the Conjurer (Octopode Conjurer)        Turns: 5800, Time: 00:10:08

Health: -1/46      AC:  1    Str: 13    XL:     8   Next: 11%
Magic:  21/24      EV: 13    Int: 22    God:    Sif Muna [......]
Gold:   157        SH:  0    Dex: 10    Spells: 6/16 levels left

rFire    + . .     SeeInvis .   (no weapon)
rCold    x . .     Faith    +   (no shield)
rNeg     . . .     Spirit   .   (helmet restricted)
rPois    +         Reflect  .   e - amulet of faith
rElec    .         Harm     .   f - ring of poison resistance
rCorr    .         Rampage  .   k - ring of fire
MR       .....                  n - +6 ring of strength
Stlth    +++.......             o - ring of magical power (curse)
HPRegen  0.15/turn              (no ring)
MPRegen  0.19/turn              (no ring)
                                (no ring)
                                (no ring)

@: no status effects
A: almost no armour, stealthy swim, amphibious, 8 rings, constrict 8, camouflage
1, gelatinous body 1
a: Renounce Religion


You were on level 5 of the Dungeon.
You worshipped Sif Muna.
Sif Muna was noncommittal.
You visited 2 branches of the dungeon, and saw 6 of its levels.

You collected 157 gold pieces.

Inventory:

Jewellery
 e - an amulet of faith (around mantle)
 f - a ring of poison resistance (left tentacle)
 k - a ring of fire (right tentacle)
 n - a +6 ring of strength (on tentacle)
 o - a cursed ring of magical power (on tentacle)
Scrolls
 a - a scroll of fog
 c - 3 scrolls of enchant armour
 d - a scroll of enchant weapon
 g - 2 scrolls of magic mapping
 j - a scroll of blinking {unknown}
 l - a scroll of fear {unknown}
 s - a scroll of noise {unknown}
Potions
 b - a potion of curing
 h - 2 potions of might {unknown}
 i - a potion of flight
 m - a potion of mutation {unknown}
 p - a potion of stabbing
 q - a potion of brilliance
 r - 2 potions of haste


   Skills:
 - Level 2.0 Dodging
 - Level 2.6 Stealth
 + Level 4.7 Spellcasting
 + Level 6.2 Conjurations
 * Level 5.7 Hexes


You had 6 spell levels left.
You knew the following spells:

 Your Spells              Type           Power        Failure   Level
a - Magic Dart            Conj           ####         1%          1
b - Searing Ray           Conj           ####..       1%          2
c - Dazzling Flash        Conj/Hex       ####..       2%          3
f - Fulminant Prism       Conj/Hex       ####......   9%          4

Your spell library contained the following spells:

 Spells                   Type           Power        Failure   Level
 Iskenderun's Mystic Bla  Conj/Tloc      ###.....     28%         4


Dungeon Overview and Level Annotations

Branches:
Dungeon (5/15)             Temple (1/1) D:5

Altars:
Ashenzari
Cheibriados
Dithmenos
Elyvilon
Fedhas
Gozag
Hepliaklqana
Kikubaaqudgha
Okawaru
Qazlal
Ru
Sif Muna
Trog
Uskayaw
Vehumet
Xom
Yredelemnul
Zin
The Shining One

Shops:
D:4 !

Annotations:
D:5 Prince Ribbit


Innate Abilities, Weirdness & Mutations

You cannot wear most types of armour.
You are very stealthy in the water. (Stealth+)
You are amphibious.
You can wear up to eight rings at the same time.
You can use your tentacles to constrict eight enemies at once.
Your skin changes colour to match your surroundings (Stealth+).
Your rubbery body absorbs attacks. (AC +1, EV +1)


Message History

Unknown command.
Prince Ribbit completely misses you.
Prince Ribbit blinks!
Press: ? - help, v - describe, . - travel
Here: Prince Ribbit The floor.
Prince Ribbit barely misses you.
Casting: Searing Ray (safe; 1% risk of failure)
Confirm with . or Enter, or press ? or * to list all spells.
Aiming: Searing Ray (safe; 1% risk of failure)
Press: ? - help, Shift-Dir - straight line, f - Prince Ribbit
Aim: Prince Ribbit The searing ray hits Prince Ribbit!
Prince Ribbit is moderately wounded. (Press . to maintain the ray.) Prince Ribbit hits you!
The searing ray hits Prince Ribbit!
Prince Ribbit is heavily wounded.
Prince Ribbit hits you!!
You die...

############## ..
.......@F....#######...
.########..............
#<.....#..#.#.#.#.#...
######.##.............
#.##.#.......#...
#.##.............
#.##.#...>...#...
#####................
..........#.......#...


You could see Prince Ribbit.

Vanquished Creatures
  The ghost of Foxy the Cutter, a novice VSFi (D:4)
  Edmund (D:4)
  Purgy (D:4)
  An ogre (D:4)
  2 scorpions (D:4)
  A howler monkey (D:4)
  Natasha (thrice) (D:2)
  A hound skeleton (D:4)
  4 gnolls (D:2)
  6 adders
  An ooze (D:2)
  An adder skeleton (D:4)
  3 worms
  4 dart slugs
  6 leopard geckos
  7 orcs
  A ball python (D:2)
  9 bats
  4 giant cockroaches
  9 hobgoblins
  6 jackals
  3 kobolds
  A quokka (D:2)
  5 frilled lizards
  5 goblins
  4 rats
90 creatures vanquished.

Vanquished Creatures (others)
  2 fulminant prisms (D:4)
2 creatures vanquished.

Grand Total: 92 creatures vanquished

Notes
Turn   | Place    | Note
-------+----------+-------------------------------------------
     0 | D:1      | sahdkjhfkaj the Octopode Conjurer began the quest for the
                  | Orb.
     0 | D:1      | Reached XP level 1. HP: 11/11 MP: 3/3
   185 | D:1      | Reached XP level 2. HP: 17/17 MP: 3/5
   189 | D:1      | Learned a level 2 spell: Searing Ray
   967 | D:2      | Noticed Natasha
   971 | D:2      | Killed Natasha
   971 | D:2      | Reached XP level 3. HP: 21/21 MP: 1/7
  1087 | D:2      | Learned a level 3 spell: Dazzling Flash
  1239 | D:2      | Reached XP level 4. HP: 27/27 MP: 1/8
  1431 | D:2      | Reached skill level 1 in Hexes
  1434 | D:2      | Noticed Natasha
  1444 | D:2      | Killed Natasha
  1547 | D:2      | Noticed Natasha
  1552 | D:2      | Killed Natasha
  1552 | D:2      | Reached XP level 5. HP: 24/31 MP: 1/9
  1828 | D:2      | Reached skill level 5 in Conjurations
  2747 | D:2      | Found a radiant altar of Vehumet.
  2815 | D:3      | Learned a level 4 spell: Fulminant Prism
  3298 | D:3      | Reached XP level 6. HP: 36/36 MP: 2/11
  3673 | D:3      | Found a stormy altar of Qazlal.
  3675 | D:3      | Found a shimmering altar of Xom.
  4139 | D:4      | Noticed Foxy's ghost (novice VSFi)
  4144 | D:4      | Noticed Purgy
  4151 | D:4      | Killed Purgy
  4247 | D:4      | Found Mouzar's Distillery.
  4269 | D:4      | Reached XP level 7. HP: 41/41 MP: 9/13
  4339 | D:4      | Noticed Edmund
  4404 | D:4      | HP: 2/41 [ogre/+0 giant club (30)]
  4410 | D:4      | Killed Edmund
  4725 | D:4      | Reached skill level 5 in Hexes
  4998 | D:4      | Found a runed translucent door.
  5311 | D:4      | Reached skill level 6 in Conjurations
  5473 | D:4      | Killed Foxy's ghost
  5473 | D:4      | Reached XP level 8. HP: 30/46 MP: 14/15
  5626 | D:5      | Entered Level 5 of the Dungeon
  5635 | D:5      | Found a staircase to the Ecumenical Temple.
  5643 | D:5      | Noticed Prince Ribbit
  5646 | Temple   | Entered the Ecumenical Temple
  5760 | Temple   | Became a worshipper of Sif Muna the Loreminder
  5800 | D:5      | Slain by Prince Ribbit

Illustrated notes

Levels and vault maps discovered:
D:1:      psy_arrival_radial02, layout_basic, due_unseen_surprise
D:2:      layout_loops_corners, lemuel_coloured_pillars_altar, uniq_natasha
D:3:      layout_loops_cross, minitemple
D:4:      layout_cave_pods, serial_shops, shop, hellmonk_ghost_happy_afterlife,
          minmay_cut_off, uniq_edmund, uniq_purgy
D:5:      layout_basic, minmay_temple_entry_glass, uniq_sigmund,
          uniq_prince_ribbit1
Temple:   kb_temple_of_zot

Skill      XL: |  1  2  3  4  5  6  7 |
---------------+----------------------+-----
Spellcasting   | 3 4 |  4.7
Hexes          | 1 2 4 5 |  5.7
Conjurations   | 5 6 |  6.2
Dodging        | |  2.0
Stealth        | |  2.6

Action                   |  1- 3 |  4- 6 |  7- 9 || total
-------------------------+-------+-------+-------++-------
Melee: Unarmed           |       |     3 |       ||     3
       Constrict         |       |     1 |       ||     1
 Cast: Magic Dart        |    46 |    62 |    14 ||   122
       Searing Ray       |       |    34 |    13 ||    47
       Fulminant Prism   |       |     1 |     1 ||     2
  Use: Potion            |       |     7 |     2 ||     9
       Scroll            |       |     4 |     3 ||     7
Armor: Skin              |       |     6 |     1 ||     7
Dodge: Dodged            |     5 |    30 |     8 ||    43

Table legend: (Time is in decaauts)
 A = Elapsed time spent in this place.
 B = Non-inter-level travel time spent in this place.
 C = Inter-level travel time spent in this place.
 D = Time resting spent in this place.
 E = Time spent auto-exploring this place.
 F = Levels seen in this place.
 G = Mean time per level.
                   A        B        C        D        E       F      G
               +--------+--------+--------+--------+--------+-----+--------+
         Total |   5804 |   5559 |    245 |    179 |   4776 |   6 |  967.3 |
       Dungeon |   5660 |   5463 |    197 |    179 |   4683 |   5 | 1132.0 |
        Temple |    143 |     95 |     48 |      0 |     93 |   1 |  143.0 |
               +--------+--------+--------+--------+--------+-----+--------+

Top non-repeatable levels by time:
     D:2: 1866 daAuts
     D:4: 1638 daAuts
     D:3: 1178 daAuts
     D:1: 947 daAuts
  Temple: 143 daAuts
     D:5: 30 daAuts
